 Dungeon Crawl Stone Soup version 0.30.0-30-g96aa6591b8 (webtiles) character file.

Game seed: 18282830113357073240

29 GimliDwarf the Martial Artist (level 3, -2/28 HPs)
             Began as a Gnoll Wanderer on June 28, 2023.
             Killed from afar by Sigmund (12 damage)
             ... with a bolt of dispelling energy
             ... on level 2 of the Dungeon.
             The game lasted 00:02:19 (783 turns).

GimliDwarf the Martial Artist (Gnoll Wanderer)       Turns: 783, Time: 00:02:20

Health: -2/28      AC:  3    Str: 12    XL:     3   Next: 16%
Magic:  5/7        EV: 11    Int: 10    God:
Gold:   32         SH:  0    Dex: 13    Spells: 6/7 levels left

rFire   . . .        a - +0 short sword
rCold   . . .        (no shield)
rNeg    . . .        f - +0 leather armour
rPois   .            (no helmet)
rElec   .            (no cloak)
rCorr   .            (no gloves)
SInv    .            (no boots)
Will    .....        (no amulet)
Stlth   +            (no ring)
HPRegen 0.24/turn    (no ring)
MPRegen 0.10/turn

%: no passive effects
@: no status effects
A: fangs 1, strong nose, distributed training
a: no special abilities


You were on level 2 of the Dungeon.
You visited 1 branch of the dungeon, and saw 2 of its levels.

You collected 32 gold pieces.

Inventory:

Hand Weapons
 a - a +0 short sword (weapon)
Missiles
 c - 8 poisoned darts
Armour
 f - a +0 leather armour (worn)
Jewellery
 i - an amulet of the acrobat
Scrolls
 d - a scroll of blinking
 g - 2 scrolls of magic mapping {unknown}
 h - 2 scrolls of identify {unknown}
 k - a scroll of teleportation {unknown}
 m - a scroll of immolation {unknown}
Potions
 b - a potion of haste
 e - a potion of brilliance
 j - a potion of flight {unknown}
 l - a potion of degeneration {unknown}
 n - a potion of berserk rage {unknown}


   Skills:
 + Level 2.6 Fighting
 + Level 0.7 Short Blades
 + Level 0.7 Long Blades
 + Level 0.7 Axes
 + Level 0.7 Maces & Flails
 + Level 0.7 Polearms
 + Level 0.7 Staves
 + Level 0.7 Ranged Weapons
 + Level 4.5 Throwing
 + Level 0.7 Armour
 + Level 0.7 Dodging
 + Level 0.7 Stealth
 + Level 0.7 Shields
 + Level 8.5 Unarmed Combat
 + Level 2.8 Spellcasting
 + Level 0.5 Conjurations
 + Level 0.5 Hexes
 + Level 0.5 Summonings
 + Level 0.5 Necromancy
 + Level 0.5 Translocations
 + Level 0.5 Transmutations
 + Level 0.5 Fire Magic
 + Level 0.5 Ice Magic
 + Level 0.5 Air Magic
 + Level 0.5 Earth Magic
 + Level 3.7 Poison Magic
 + Level 0.9 Invocations
 + Level 0.7 Evocations


You had 6 spell levels left.
You knew the following spells:

 Your Spells              Type           Power      Damage    Failure   Level
a - Sting                 Tmut/Pois      20%        1d4       16%         1

Your spell library contained the following spells:

 Spells                   Type           Power      Damage    Failure   Level
 Ignite Poison            Fire/Tmut/Pois 4%         N/A       50%         3


Dungeon Overview and Level Annotations

Branches:
Dungeon (2/15)

Altars:

Annotations:
D:2 Sigmund


Innate Abilities, Weirdness & Mutations

You have very sharp teeth.
Your uncanny sense of smell can sniff out nearby items.
Your experience applies equally to all skills.


Message History

You kill the giant cockroach!
No target in view!
m - a scroll labelled UNOYVU FYISESA You now have 32 gold pieces (gained 9).
Items here: ( ) [ †††.
Found a short sword.
Found a stone staircase leading down.
h - 2 scrolls labelled UHYMNI XASHROES (gained 1)
You are now empty-handed.
You drop a +0 dagger.
You see here a +0 short sword.
a - a +0 short sword
a - a +0 short sword (weapon)
Items here: ( ) [ †††.
Done exploring.
You open the door.
There is an open door here.
There is an open door here.
There is a stone staircase leading down here.
You climb downwards.
There is a stone staircase leading up here.
n - a yellow potion Sigmund the Dreaded comes into view.
He is wielding a +0 scythe and carrying a wand of quicksilver (4).
Sigmund shouts!
Aiming: Sting (safe; 16% risk of failure)
Press: ? - help, Q - select action, (/) - cycle Shift-Dir - straight line, f - Sigmund
Aim: Sigmund, wielding a +0 scythe, wearing a +0 robe and carrying a wand of quicksilver (4) (64% to hit)
The sting hits Sigmund.
Sigmund is poisoned.
Sigmund is lightly wounded.
Sigmund zaps a wand.
The bolt of dispelling energy hits you!
Aiming: Sting (safe; 16% risk of failure)
Press: ? - help, Q - select action, (/) - cycle Shift-Dir - straight line, f/p - Sigmund
Aim: Sigmund, wielding a +0 scythe, wearing a +0 robe and carrying a wand of quicksilver (3) (lightly wounded, poisoned, 64% to hit)
The sting hits Sigmund but does no damage.
Sigmund looks even sicker.
Sigmund is lightly wounded.
Sigmund zaps a wand.
The bolt of dispelling energy hits you!
Sigmund zaps a wand.
The bolt of dispelling energy misses you.
Sigmund zaps a wand.
The bolt of dispelling energy hits you!
You die...

#.### ###.###
#.....#
#.....#
#.....#
#.....#
#.....#
##########.###
#..@....@..#
#.#.##.##### #
#.##.#
....@..?##.#
#####.####.#
#. ..# # ###


You could see Sigmund (poisoned).

Vanquished Creatures
  A dart slug (D:1)
  2 endoplasms (D:1)
  3 giant cockroaches (D:1)
  3 goblins (D:1)
  5 hobgoblins (D:1)
  A ball python (D:1)
  3 frilled lizards (D:1)
  3 kobolds (D:1)
  4 rats (D:1)
25 creatures vanquished.

Notes
Turn   | Place    | Note
-------+----------+-------------------------------------------
     0 | D:1      | GimliDwarf the Gnoll Wanderer began the quest for the Orb.
     0 | D:1      | GimliDwarf set off with the following items: a +0 dagger, a
                  | potion of haste, 8 poisoned darts, a scroll of blinking, a
                  | potion of brilliance, a +0 leather armour; and the
                  | following spell memorised: Sting; and the following spells
                  | available to memorise: Ignite Poison.
     0 | D:1      | Reached XP level 1. HP: 17/17 MP: 4/4
   207 | D:1      | Reached XP level 2. HP: 23/23 MP: 2/5
   533 | D:1      | Reached XP level 3. HP: 28/28 MP: 5/7
   775 | D:2      | Noticed Sigmund
   783 | D:2      | Killed from afar by Sigmund

Illustrated notes

Levels and vault maps discovered:
D:1:      psy_arrival_terrarium, layout_rooms
D:2:      layout_loops_cross, basic_altar, nicolae_ecumenical_lake_church,
          uniq_sigmund

Action                     || total
---------------------------++-------
  Melee: Dagger            ||    32
         Bite              ||     4
         Punch             ||     2
  Throw: Dart              ||     1
   Cast: Sting             ||    28
 Armour: Leather armour    ||    12
  Dodge: Dodged            ||    23
